 Dungeon Crawl Stone Soup version 0.30-a0-223-gcb0039aa0c (webtiles) character file.

Game seed: 3974574979426926838

648 Flugkiller the Sneak (level 7, 0/49 HPs)
             Began as an Octopode Delver on Oct 9, 2022.
             Was an Initiate of Wu Jian.
             Slain by an orc wizard
             ... wielding a +1 vampiric dagger
              (4 damage)
             ... on level 4 of the Dungeon.
             The game lasted 00:06:12 (3656 turns).

Flugkiller the Sneak (Octopode Delver)              Turns: 3656, Time: 00:06:12

Health: 0/49       AC:  1    Str: 11    XL:     7   Next: 53%
Magic:  7/7        EV: 15    Int: 12    God:    Wu Jian [......]
Gold:   189        SH:  0    Dex: 16    Spells: 6/6 levels left

rFire   . . .      SeeInvis .    a - +0 short sword
rCold   . . .      Faith    .    (no shield)
rNeg    . . .      Spirit   .    (helmet restricted)
rPois   .          Reflect  .    (no amulet)
rElec   .          Harm     .    (no ring)
rCorr   .          Rampage  .    (no ring)
Will    .....      Rage     3%   (no ring)
Stlth   +++.......               (no ring)
HPRegen 0.28/turn                (no ring)
MPRegen 0.10/turn                (no ring)
                                 (no ring)
                                 (no ring)

@: silenced
A: almost no armour, amphibious, 8 rings, camouflage 1, gelatinous body 1,
(nimble swimmer 1), tentacles, antennae 1, berserk 1
a: Renounce Religion


You were on level 4 of the Dungeon.
You worshipped Wu Jian.
Wu Jian was noncommittal.
You visited 2 branches of the dungeon, and saw 6 of its levels.

You collected 189 gold pieces.

Inventory:

Hand Weapons
 a - a +0 short sword (weapon)
Missiles
 l - 2 poisoned darts
 p - 8 boomerangs (quivered)
Jewellery
 q - a ring of wizardry
   (You found it on level 2 of the Dungeon)
Wands
 f - a wand of digging (3)
Scrolls
 b - a scroll of fog
 c - a scroll of magic mapping
 g - a scroll of silence
 i - a scroll of vulnerability {unknown}
 k - 2 scrolls of enchant armour
 n - 3 scrolls of amnesia
 o - 2 scrolls of enchant weapon
 r - a scroll of identify
 u - a scroll of torment
 v - a scroll of noise {unknown}
 y - a scroll of blinking {unknown}
Potions
 d - a potion of mutation
 e - a potion of heal wounds {unknown}
 h - a potion of haste
 j - 2 potions of might {unknown}
 m - a potion of attraction {unknown}
 s - a potion of curing {unknown}
 t - 2 potions of lignification {unknown}
 w - a potion of degeneration {unknown}
 x - a potion of cancellation {unknown}


   Skills:
 + Level 4.6 Fighting
 - Level 2.0(3.8) Short Blades
 + Level 5.1(5.3) Long Blades
 - Level 5.0 Dodging
 - Level 6.6 Stealth


You had 6 spell levels left.
You didn't know any spells.
Your spell library contained the following spells:

 Spells                   Type           Power      Damage    Failure   Level
 Ensorcelled Hibernation  Hex/Ice        0%         N/A       45%         2
 Passwall                 Tmut/Erth      0%         N/A       45%         2
 Swiftness                Air            0%         N/A       69%         3
 Airstrike                Air            0%         2d(0-16)  97%         4
 Summon Lightning Spire   Summ/Air       0%         N/A       97%         4
 Lightning Bolt           Conj/Air       0%         1d11      100%        5


Dungeon Overview and Level Annotations

Branches:
Dungeon (5/15) Zot: 24066  Temple (1/1) D:4 Zot: 5775

Altars:
Ashenzari
Dithmenos
Elyvilon
Fedhas
Hepliaklqana
Kikubaaqudgha
Okawaru
Qazlal
Ru
Sif Muna
Wu Jian
Xom
Yredelemnul
Zin
The Shining One

Shops:
D:4 (

Annotations:
D:4 exclusion: phantom


Innate Abilities, Weirdness & Mutations

You cannot wear most types of armour.
You are amphibious.
You can wear up to eight rings at the same time.
Your skin changes colour to match your surroundings (Stealth+).
Your rubbery body absorbs attacks. (AC +1, EV +1)
((You are camouflaged when in or above water. (Stealth+)))
You have tentacles for arms and can constrict up to eight enemies at once.
You have a pair of small antennae on your head.
You sometimes lose your temper in combat.


Message History

You lunge at the adder zombie.
The helpless adder zombie fails to defend itself.
You spit the adder zombie like a pig!!!
You destroy the adder zombie!
The Council accepts your kill.
There is an open door here.
You open the door.
A necrophage comes into view.
You lunge at the necrophage, in a flurry of attacks.
The helpless necrophage fails to defend itself.
You spit the necrophage like a pig!!!
You destroy the necrophage!
The Council accepts your kill.
Your Long Blades skill increases to level 5!
There is an open door here.
You open the door.
A human zombie comes into view.
Found an ancient bone altar of Kikubaaqudgha.
You lunge at the human zombie.
The helpless human zombie fails to defend itself.
You impale the human zombie!! You grab the human zombie.
The human zombie is heavily damaged.
You constrict the human zombie. The human zombie hits you.
There is an open door here.
You hit the human zombie.
The human zombie is heavily damaged.
You constrict the human zombie. The human zombie hits you.
You hit the human zombie.
The human zombie is severely damaged.
You constrict the human zombie. You hit the human zombie.
The human zombie is severely damaged.
You constrict the human zombie. The human zombie hits you!
You hit the human zombie. You squeeze the human zombie.
The human zombie is almost destroyed.
You constrict the human zombie. You hit the human zombie.
You squeeze the human zombie.
You destroy the human zombie!
The Council accepts your kill.
You start resting.
HP restored.
There is an open door here.
You see here a +0 dagger.
An orc comes into view. It is wielding a +0 flail.
An orc is nearby!
An orc and an orc wizard come into view.
The orc wizard is wielding a +1 vampiric dagger.
An orc comes into view. It is wielding a +0 whip.
The orc wizard casts a spell.
The orc wizard flickers and vanishes!
Deactivating autopickup; reactivate with Ctrl-A.
Something hits you.
You hit something. Your squeeze misses something. Something barely misses you.
You hit something. Your squeeze misses something. Something hits you.
You miss something.
You hear some strange, mumbled words.
A magic dart appears from out of thin air!
The magic dart hits you!
You barely miss something. You squeeze something. You barely miss something.
Your squeeze misses something. Something hits you but does no damage.
You miss something. Something hits you.
You miss something. Your squeeze misses something. Something hits you.
You barely miss something. Something hits you.
You hit something but do no damage. Your squeeze misses something.
You hit something. Your squeeze misses something. Something hits you.
You barely miss something. You squeeze something. Something hits you.
You miss something. Something barely misses you.
Okay, then.
You closely miss something. Something hits you.
You hit something but do no damage. You hit something but do no damage.
Something hits you.
* * * LOW HITPOINT WARNING * * *
Unknown command.
It was a potion of mutation.
You feel extremely strange.
You feel a little pissed off. A pair of antennae grows on your head!
Something hits you.
* * * LOW HITPOINT WARNING * * *
Unknown command.
You miss something. Something hits you.
* * * LOW HITPOINT WARNING * * *
Unknown command.
You barely miss something. Something hits you.
* * * LOW HITPOINT WARNING * * *
Unknown command.
You hit something but do no damage. You squeeze something.
Something barely misses you.
Unknown command.
You barely miss something.
Unknown command.
You can't see any enemies this would affect, really read the scroll of silence?
As you read the scroll of silence, it crumbles to dust.
A profound silence engulfs you. Something hits you.
* * * LOW HITPOINT WARNING * * *
Unknown command.
You hit something but do no damage. Something hits you.
* * * LOW HITPOINT WARNING * * *
Unknown command.
You hit something. You squeeze something! Something hits you.
You die...

#...# #...o.... ##...#
#..o..... #...##
#........ #########...#
#.....{.. #
...........## #........
# ............##
#........ ##
#########.....##........
##. ....#..{######## #..
#######.@.### ##..
####..### #).. ###
##...########)#.
###.#####
##..........#..#. ##
#.......#
#.............##. .#
#.......##
#.............### .#
#........#
##.............## .#
##........#
#...........#..# .##
#.........#
#..............#


There were no monsters in sight!

Vanquished Creatures
  3 necrophages (D:4)
  A wight (D:4)
  A vampire bat (D:3)
  A hound (D:4)
  A human zombie (D:4)
  An orc priest (D:3)
  Terence (D:2)
  2 scorpion zombies (D:4)
  2 hound zombies (D:4)
  A mummy (D:4)
  A gnoll (D:1)
  4 adders
  A shadow imp (D:4)
  2 adder zombies (D:4)
  2 worms (D:2)
  A dart slug (D:3)
  10 orcs
  6 endoplasms
  5 giant cockroaches
  12 goblins
  13 hobgoblins
  5 jackals
  3 kobolds
  2 quokkas
  4 ball pythons
  13 bats
  5 frilled lizards
  4 rats
107 creatures vanquished.

Vanquished Creatures (others)
  22 plants (D:2)
22 creatures vanquished.

Grand Total: 129 creatures vanquished

Notes
Turn   | Place    | Note
-------+----------+-------------------------------------------
     0 | D:5      | Flugkiller the Octopode Delver began the quest for the Orb.
     0 | D:5      | Reached XP level 1. HP: 16/16 MP: 1/1
    28 | D:4      | Reached XP level 2. HP: 21/21 MP: 2/2
    77 | D:4      | Found a shimmering altar of Xom.
   127 | D:4      | Found Lidaf's Antique Weapon Shop.
   379 | D:2      | Reached XP level 3. HP: 20/26 MP: 3/3
   841 | D:1      | Reached XP level 4. HP: 31/31 MP: 4/4
  1822 | D:3      | Reached skill level 5 in Dodging
  1822 | D:3      | Reached XP level 5. HP: 36/36 MP: 5/5
  2106 | D:3      | Found a shadowy altar of Dithmenos.
  2110 | D:3      | Noticed Terence
  2360 | D:2      | Killed Terence
  2427 | D:3      | Reached XP level 6. HP: 33/42 MP: 6/6
  2892 | D:4      | Found a staircase to the Ecumenical Temple.
  2900 | Temple   | Entered the Ecumenical Temple
  3103 | Temple   | Became a worshipper of the Wu Jian Council
  3407 | D:4      | Reached XP level 7. HP: 47/47 MP: 7/7
  3435 | D:4      | Reached skill level 5 in Long Blades
  3436 | D:4      | Found an ancient bone altar of Kikubaaqudgha.
  3649 | D:4      | Gained mutation: You sometimes lose your temper in combat.
                  | [potion of mutation]
  3649 | D:4      | Gained mutation: You have a pair of small antennae on your
                  | head. [potion of mutation]
  3656 | D:4      | Slain by an orc wizard

Illustrated notes

Levels and vault maps discovered:
D:1:      ncdulo_watergridlock, layout_loops_corners
D:2:      layout_rooms, wad_floor_pattern_untrapped, kennysheep_boxes
D:3:      layout_rooms, mainiacjoe_overflow_cross_hatched, roderic_batcave,
          uniq_terence
D:4:      layout_cave_pods, lemuel_mausoleum_altar_kikubaaqudgha,
          mainiacjoe_overflow_tiny_flanked, temple_statues, serial_shops,
          kennysheep_mini_moat
D:5:      layout_gridville
Temple:   nicolae_temple_slightly_damp_pantheon

Skill      XL: |  1  2  3  4  5  6  7 |
---------------+----------------------+-----
Dodging        | 3 4 5 |  5.0
Long Blades    | 3 4 5 |  5.1
Fighting       | 4 |  4.6
Short Blades   | |  2.0
Stealth        | |  6.6

Action                   |  1- 3 |  4- 6 |  7- 9 || total
-------------------------+-------+-------+-------++-------
Melee: Short sword       |    63 |   146 |    36 ||   245
       Tentacles         |    16 |    43 |     7 ||    66
       Constrict         |    15 |    35 |     3 ||    53
       Punch             |       |     2 |       ||     2
Invok: Lunge             |       |     6 |     8 ||    14
  Use: Scroll            |       |     6 |     1 ||     7
       Potion            |       |       |     1 ||     1
 Stab: Sleeping          |    13 |    22 |     8 ||    43
       Distracted        |     1 |     1 |       ||     2
Armor: Skin              |     7 |     7 |     1 ||    15
Dodge: Dodged            |    33 |    75 |     5 ||   113

Table legend: (Time is in decaauts)
 A = Elapsed time spent in this place.
 B = Non-inter-level travel time spent in this place.
 C = Inter-level travel time spent in this place.
 D = Time resting spent in this place.
 E = Time spent auto-exploring this place.
 F = Levels seen in this place.
 G = Mean time per level.
                   A        B        C        D        E       F      G
               +--------+--------+--------+--------+--------+-----+--------+
         Total |   3630 |   3508 |    122 |    515 |   1834 |   6 |  605.0 |
       Dungeon |   3405 |   3335 |     70 |    515 |   1679 |   5 |  681.0 |
        Temple |    224 |    172 |     52 |      0 |    155 |   1 |  224.0 |
               +--------+--------+--------+--------+--------+-----+--------+

Top non-repeatable levels by time:
     D:4: 965 daAuts
     D:1: 916 daAuts
     D:3: 789 daAuts
     D:2: 729 daAuts
  Temple: 224 daAuts
     D:5: 6 daAuts
